Map: Lost and Found LE

Players

liquidthermy (uThermal)

  • Race: Terran Terran
  • Spawn Location: 1:00

Harstem - Winner!

  • Race: Protoss Protoss
  • League: Master
  • Spawn Location: 7:00

Event: HomeStory Cup XVIII

VOD

Have the link to the VOD?

Description

Time

  • Played on: Nov. 22, 2018, 7:42 a.m.
  • Length: 11:12

All games in this series

Show
View Real Time Build Order
Export as new Build Order

liquidthermy Terran 

Build Orders:  

Get SALT Encoding   

  12  0:01  SCV  
  13  0:13  SCV  
  14  0:18  Supply Depot  
  14  0:25  SCV  
  15  0:39  SCV  
  15  0:41  Barracks  
  16  0:44  Refinery  
  16  0:51  SCV  
  17  1:03  SCV  
  18  1:15  SCV  
  19  1:28  Marine, Orbital Command  
  20  1:40  Command Center  
  20  1:46  Barracks Tech Lab  
  21  1:54  Supply Depot, SCV  
  21  2:06  Marauder  
  21  2:07  Refinery  
  23  2:16  SCV  
  23  2:19  Factory  
  23  2:21  Concussive Shells  
  24  2:28  SCV  
  25  2:31  Marauder  
  27  2:40  SCV  
  28  2:52  SCV  
  28  2:53  Marauder, Orbital Command  
  31  3:03  Widow Mine  
  31  3:04  SCV  
  34  3:06  Starport  
  34  3:16  SCV  
  35  3:22  SCV  
  36  3:28  SCV, Barracks Reactor  
  36  3:31  Cyclone  
  36  3:33  Supply Depot  
  41  3:34  SCV  
  41  3:41  SCV  
  41  3:46  SCV  
  40  3:51  Command Center  
  40  3:53  SCV  
  41  4:03  Viking, Siege Tank  
  41  4:05  SCV  
  41  4:06  Marine x2  
  41  4:08  SCV  
  50  4:17  SCV  
  50  4:20  SCV  
  50  4:22  Supply Depot  
  50  4:24  Marine x2  
  50  4:29  SCV  
  53  4:33  Barracks  
  53  4:34  Barracks  
  53  4:36  Starport Tech Lab  
  53  4:38  SCV  
  54  4:43  SCV  
  54  4:44  Marine x2  
  55  4:46  Engineering Bay  
  55  4:47  Factory Reactor  
  55  4:49  Refinery  
  55  4:52  SCV  
  56  4:57  SCV  
  57  5:02  Marine x2, Bunker  
  57  5:03  Starport Reactor, Orbital Command  
  57  5:04  SCV  
  60  5:09  SCV  
  60  5:11  Terran Infantry Weapons Level 1  
  61  5:16  SCV  
  61  5:18  Missile Turret  
  61  5:19  Missile Turret, Refinery  
  62  5:21  SCV  
  62  5:23  Marine x2  
  62  5:26  Widow Mine  
  62  5:28  Widow Mine, SCV  
  70  5:34  Stimpack, Combat Shield, Orbital Command  
  70  5:38  SCV  
  70  5:40  SCV  
  70  5:41  Marine, Marauder  
  74  5:44  Supply Depot  
  74  5:48  Supply Depot, Widow Mine  
  76  5:54  SCV  
  76  5:55  Supply Depot  
  77  6:00  Supply Depot  
  77  6:06  Widow Mine, Marine x3, Medivac, SCV  
  77  6:10  SCV  
  86  6:12  Widow Mine  
  86  6:13  Supply Depot, Medivac  
  86  6:15  SCV  
  86  6:17  Marauder  
  93  6:19  SCV  
  93  6:22  SCV  
  93  6:24  Marine  
  96  6:27  Supply Depot, Marine  
  96  6:28  Widow Mine, Marauder  
  96  6:30  SCV  
  101  6:34  Widow Mine  
  101  6:37  Medivac  
  105  6:43  Medivac, SCV x2  
  105  6:44  SCV, Barracks x2  
  109  6:48  Marine, Marauder  
  109  6:50  Liberator  
  109  6:51  Supply Depot  
  109  6:52  Supply Depot  
  109  6:53  Marine  
  113  6:55  SCV x2  
  113  6:57  Marine  
  113  7:00  Widow Mine x2  
  120  7:02  Missile Turret  
  120  7:03  SCV  
  120  7:05  Marine  
  125  7:13  Marine x2  
  125  7:15  Marine  
  128  7:16  Missile Turret x2  
  128  7:17  Refinery  
  128  7:18  Supply Depot  
  128  7:21  Widow Mine  
  130  7:23  Marine  
  130  7:26  Supply Depot  
  130  7:27  Widow Mine  
  132  7:30  Marine  
  132  7:32  Marine x2  
  132  7:33  Marauder, Marine  
  132  7:34  Liberator  
  138  7:38  Liberator  
  138  7:41  Marine  
  138  7:43  Widow Mine  
  141  7:45  Terran Infantry Armor Level 1  
  141  7:46  Supply Depot  
  141  7:48  Widow Mine  
  141  7:49  Marauder, Marine  
  146  7:54  Marauder  
  156  7:58  Supply Depot  
  156  8:00  Barracks Tech Lab x2  
  154  8:09  Supply Depot  
  154  8:10  Marine  
  154  8:11  Marauder  
  156  8:14  Supply Depot  
  156  8:16  Supply Depot, Widow Mine  
  156  8:17  Widow Mine, Marine x2, Liberator  
  156  8:19  Marine  
  163  8:23  Marine  
  163  8:24  Supply Depot  
  157  8:30  Liberator  
  157  8:32  Marine, Marauder  
  160  8:35  Marine, Marauder  
  166  8:42  Starport, Marine, Marauder  
  169  8:49  Marine  
  169  8:53  Marine  
  169  8:54  Marauder  
  167  8:56  Marine  
  167  9:00  Marauder  
  170  9:03  Marine  
  169  9:15  Marauder  
  169  9:16  Liberator  
  146  9:17  Marine  
  146  9:18  Widow Mine, Marauder  
  146  9:20  Viking  
  134  9:26  Viking x2  
  134  9:29  Marine x2  
  134  9:30  Marauder  
  139  9:31  Engineering Bay  
  139  9:32  Armory  
  139  9:35  Marine  
  139  9:39  Command Center  
  139  9:41  Marine, Marauder  
  141  9:47  Marine  
  141  9:48  Marauder  
  141  9:50  Marine  
  145  9:53  Marine  
  145  9:54  Viking  
  145  9:56  Viking  
  145  9:57  Viking  
  145  9:59  Marine  
  152  10:03  Marauder, Liberator  
  152  10:05  Marine  
  153  10:09  Marauder x2  
  153  10:11  Marine  
  145  10:19  Marine  
  130  10:22  Marine  
  130  10:24  Marauder  
  135  10:28  Marine  
  135  10:30  Marauder, SCV  
  135  10:33  Marine  
  135  10:37  Marauder  
  132  10:43  Marine  
  132  10:46  Marauder, Marine  
Show
View Real Time Build Order
Export as new Build Order

Harstem Protoss - Winner!

Build Orders: 1 Gate Expand, Double Forge, Oracle Opening 

Get SALT Encoding   

  12  0:00  Probe  
  13  0:13  Probe  
  14  0:17  Pylon  
  14  0:24  Probe  
  15  0:32  Probe  
  15  0:36  Gateway  
  15  0:40  Probe  
  16  0:47  Assimilator  
  17  0:51  Probe  
  18  1:03  Probe  
  19  1:15  Probe  
  20  1:23  Nexus  
  20  1:32  Cybernetics Core  
  20  1:36  Probe  
  21  1:44  Assimilator  
  21  1:48  Probe  
  21  1:52  Pylon  
  22  2:00  Probe  
  23  2:01  Adept  
  23  2:13  Probe  
  26  2:15  Stargate  
  26  2:25  Probe, Warp Gate  
  26  2:29  Adept  
  29  2:32  Probe  
  29  2:33  Probe  
  31  2:40  Probe  
  31  2:41  Probe  
  31  2:49  Oracle  
  31  2:50  Probe  
  33  2:51  Probe  
  35  3:02  Probe  
  35  3:03  Probe  
  40  3:08  Pylon  
  40  3:14  Probe  
  40  3:15  Probe  
  42  3:26  Oracle  
  42  3:27  Probe x2  
  44  3:34  Gateway  
  45  3:38  Gateway  
  45  3:39  Adept, Probe x2  
  49  3:52  Probe  
  49  3:55  Nexus, Probe  
  50  3:58  Pylon  
  51  4:04  Probe  
  51  4:08  Oracle, Probe  
  52  4:19  Probe  
  52  4:22  Probe  
  54  4:31  Probe  
  55  4:32  Assimilator  
  55  4:33  Forge  
  55  4:34  Twilight Council, Probe  
  55  4:37  Stalker x2  
  60  4:38  Assimilator  
  60  4:43  Probe  
  61  4:46  Probe  
  61  4:49  Pylon  
  61  4:51  Protoss Ground Weapons Level 1  
  61  4:52  Forge  
  62  4:54  Pylon  
  62  4:56  Robotics Facility  
  62  5:03  Probe x3  
  64  5:11  Probe x3  
  65  5:21  Probe x3  
  68  5:22  Assimilator  
  71  5:33  Probe x3  
  71  5:35  Sentry, Stalker x2  
  74  5:37  Protoss Ground Armor Level 1  
  74  5:40  Blink  
  78  5:45  Probe x3  
  78  5:48  Gateway  
  81  5:52  Gateway  
  81  5:53  Pylon  
  81  5:54  Gateway  
  81  5:57  Pylon, Probe x2  
  81  5:59  Immortal  
  84  6:06  Robotics Bay  
  84  6:10  Probe  
  84  6:11  Probe  
  89  6:12  Probe  
  89  6:16  Assimilator  
  89  6:17  Pylon, Sentry  
  92  6:22  Probe  
  92  6:23  Pylon, Stalker x2  
  92  6:24  Probe  
  98  6:28  Shield Battery  
  98  6:38  Protoss Ground Weapons Level 2  
  96  6:42  Colossus, Gateway  
  96  6:44  Gateway  
  96  6:50  Zealot x3  
  108  6:56  Extended Thermal Lance  
  108  6:57  Pylon  
  108  7:02  Pylon  
  108  7:06  Shield Battery, Photon Cannon  
  108  7:08  Pylon, Stalker  
  110  7:15  Zealot x3  
  110  7:17  Colossus  
  116  7:24  Stalker x2  
  116  7:27  Charge  
  120  7:33  Sentry  
  120  7:36  Pylon  
  128  7:41  Stalker  
  128  7:42  Zealot x2, Stalker x2  
  138  7:57  Protoss Ground Armor Level 2  
  138  8:00  Stalker x2  
  138  8:01  Stalker  
  138  8:04  Pylon  
  144  8:07  Colossus  
  144  8:11  Nexus  
  138  8:31  Stalker x3  
  138  8:32  Stalker  
  138  8:33  Zealot x4  
  152  8:39  Probe  
  153  8:41  Photon Cannon  
  153  8:43  Probe  
  150  8:54  Zealot x2, Stalker x2  
  150  8:55  Zealot x2  
  160  9:00  Disruptor  
  160  9:02  Pylon  
  155  9:19  Stalker  
  155  9:20  Zealot x2, Stalker x4  
  155  9:27  Probe x2  
  155  9:28  Warp Prism  
  155  9:29  Probe  
  155  9:30  Oracle  
  158  9:33  Probe  
  158  9:36  Dark Shrine  
  159  9:39  Zealot  
  159  9:42  Zealot  
  159  9:43  Zealot  
  167  9:47  Probe  
  167  9:52  Stalker x2  
  172  9:58  Zealot x3  
  178  10:04  Probe  
  163  10:16  Colossus  
  150  10:23  Stalker x2  
  150  10:24  Zealot x4, Stalker x2  
  170  10:29  Pylon  
  164  10:45  Zealot x4  
  164  10:47  Zealot x4  
  180  10:54  Pylon  
Tags
 
Add a new tag
Caveats
  • Supply blocks, unpowered buildings, or Contaminate may cause inaccurate times.
  • Supply counts are checked every 10 seconds.